 Dungeon Crawl Stone Soup version 0.29.1-2-gbd0b4ee654 (webtiles) character file.

Game seed: 12172037186608118878

3024 GigaChad the Cleaver (level 9, -8/71 HPs)
             Began as a Minotaur Fighter on Nov 19, 2022.
             Was an Elder of Hepliaklqana.
             Mangled by a yak (11 damage)
             ... on level 8 of the Dungeon.
             The game lasted 00:22:26 (7327 turns).

GigaChad the Cleaver (Minotaur Fighter)             Turns: 7327, Time: 00:22:26

Health: -8/71      AC: 17    Str: 25    XL:     9   Next: 55%
Magic:  8/8        EV:  7    Int:  5    God:    Hepliaklqana [****..]
Gold:   309        SH:  5    Dex: 10    Spells: 8/8 levels left

rFire   . . .      SeeInvis +   G - +3 morningstar
rCold   . . .      Faith    .   c - +0 buckler
rNeg    . . .      Spirit   .   e - +2 plate armour
rPois   .          Reflect  .   y - +1 hat {SInv}
rElec   .          Harm     .   (no cloak)
rCorr   .          Rampage  .   (no gloves)
Will    .....                   (no boots)
Stlth   ..........              (no amulet)
HPRegen 0.21/turn               (no ring)
MPRegen 0.11/turn               (no ring)

@: no status effects
A: reduced essence, horns 2, retaliatory headbutt
a: Renounce Religion, Recall Ancestor, Ancestor Identity, Transference, Idealise


You were on level 8 of the Dungeon.
You worshipped Hepliaklqana.
Hepliaklqana was greatly pleased with you.
You visited 2 branches of the dungeon, and saw 9 of its levels.

You collected 309 gold pieces.

Inventory:

Hand Weapons
 a - a +0 war axe
 j - a +1 spectral quarterstaff
 w - the +1 whip "Pazyat" {vorpal, Str+4 Int-5 Stlth+}
   (You found it on level 4 of the Dungeon)

   It inflicts extra damage upon your enemies.
   Str:       It affects your strength (+4).
   Int:       It affects your intelligence (-5).
   Stlth:     It makes you more stealthy.
 F - a +3 great sword
 G - a +3 morningstar (weapon)
Armour
 b - a +0 scale mail
 c - a +0 buckler (worn)
 e - a +2 plate armour (worn)
 y - a +1 hat of see invisible (worn)
Jewellery
 s - a ring of protection from fire
Wands
 r - a wand of digging (8)
 A - a wand of flame (10)
 D - a wand of light (12)
Scrolls
 f - 7 scrolls of teleportation
 g - 3 scrolls of identify
 h - 2 scrolls of amnesia
 i - 3 scrolls of noise
 o - a scroll of torment
 t - a scroll of blinking
 v - a scroll of magic mapping {unknown}
 B - a scroll of butterflies {unknown}
 C - a scroll of brand weapon {unknown}
 E - a scroll of fear
Potions
 d - a potion of might
 k - a potion of heal wounds {unknown}
 l - 4 potions of lignification {unknown}
 m - a potion of cancellation {unknown}
 n - 2 potions of degeneration {unknown}
 p - a potion of experience {unknown}
 q - 4 potions of curing
 u - 3 potions of attraction {unknown}
 x - a potion of brilliance {unknown}
 z - a potion of flight {unknown}


   Skills:
 + Level 7.2 Fighting
 - Level 10.0 Axes
 + Level 9.0 Armour
 - Level 0.4 Dodging
 - Level 0.3 Stealth
 * Level 8.0 Shields
 * Level 1.2 Invocations


You had 8 spell levels left.
You didn't know any spells.
Your spell library contained the following spells:

 Spells                   Type           Power      Damage    Failure   Level
 Beastly Appendage        Tmut           0%         N/A       100%        1
 Slow                     Hex            0%         N/A       100%        1
 Ensorcelled Hibernation  Hex/Ice        0%         N/A       100%        2
 Passwall                 Tmut/Erth      0%         N/A       100%        2
 Wereblood                Tmut           0%         N/A       100%        2
 Call Canine Familiar     Summ           0%         N/A       100%        3
 Confusing Touch          Hex            0%         N/A       100%        3
 Ignite Poison            Fire/Tmut/Pois 0%         N/A       100%        3
 Mephitic Cloud           Conj/Pois/Air  0%         N/A       100%        3
 Portal Projectile        Hex/Tloc       0%         N/A       100%        3
 Spider Form              Tmut/Pois      0%         N/A       100%        3
 Summon Guardian Golem    Hex/Summ       0%         N/A       100%        3
 Swiftness                Air            0%         N/A       100%        3
 Vampiric Draining        Necr           0%         2d6       100%        3
 Leda's Liquefaction      Hex/Erth       0%         N/A       100%        4
 Freezing Cloud           Conj/Ice/Air   0%         6-21      100%        5
 Orb of Destruction       Conj           0%         9d5       100%        7
 Spellforged Servitor     Conj/Summ      0%         N/A       100%        7


Dungeon Overview and Level Annotations

Branches:
Dungeon (8/15)             Temple (1/1) D:4
   Lair: D:8-11

Altars:
Ashenzari
Elyvilon
Fedhas
Gozag
Hepliaklqana
Kikubaaqudgha
Makhleb
Nemelex Xobeh
Okawaru
Qazlal
Ru
Sif Muna
Trog
Uskayaw
Vehumet
Wu Jian
Xom
Yredelemnul
The Shining One


Innate Abilities, Weirdness & Mutations

Your life essence is reduced to manifest your ancestor. (-10% HP)
You have a pair of horns on your head.
You reflexively headbutt those who attack you in melee.


Message History

You sock the yak! Your headbutt misses the yak.
The yak is moderately wounded.
The yak gores you but does no damage.
Wok hits the yak with a +0 flail.
You puncture the yak! You headbutt the yak!
The yak is almost dead.
The yak gores you. The yak gores you!
Wok closely misses the yak.
You block the yak's attack. The yak gores you.
You block the two-headed ogre's attack.
The two-headed ogre hits you with a +0 giant spiked club!
The yak closely misses you. You furiously retaliate!
You headbutt the yak. The yak gores you. The yak barely misses you.
You furiously retaliate!
You headbutt the yak, but do no damage. The yak gores you but does no damage.
You block the yak's attack. The yak attacks as you move away!
The yak gores you but does no damage.
Wok closely misses the yak.
The yak gores you but does no damage. The yak gores you.
You block the yak's attack. The yak attacks as you move away!
The yak gores you but does no damage. The yak gores you. The yak gores you!
The two-headed ogre hits you with a +0 giant spiked club!
* * * LOW HITPOINT WARNING * * *
The two-headed ogre closely misses you.
There is a stone staircase leading up, spattered with blood here.
Wok hits the orc warrior with a +0 flail.
You impale the yak!! Your headbutt misses the yak.
The yak is heavily wounded.
Wok hits the yak with a +0 flail.
The two-headed ogre barely misses you. The two-headed ogre closely misses you.
The yak gores you but does no damage. x2
You hit the yak. You headbutt the yak!
The yak is almost dead.
Wok hits the orc with a +0 flail.
The yak gores you!
* * * LOW HITPOINT WARNING * * *
The yak gores you but does no damage. x2
The two-headed ogre hits you with a +0 giant spiked club!
* * * LOW HITPOINT WARNING * * *
The two-headed ogre barely misses you.
Wok hits the orc with a +0 flail!
The orc dies!
You barely miss the two-headed ogre.
You headbutt the two-headed ogre, but do no damage.
The yak gores you but does no damage. x2; The yak gores you!
You die...

#.........$...
#...........
##.......)...
#...$........
#............
####..R......
#.oY)...........#
##YYYY...... ...#
##@OY...... ...#
###.<#######..###
### #...O...#
#...[..)#
#.......## #<(..#
###... .. .


You could see the friendly Wok the knight, a two-headed ogre, 6 yaks and an orc
warrior.

Vanquished Creatures
  Grinder (D:6)
  Sigmund (D:6)
  Eustachio (D:6)
  Menkaure (D:6)
  Duvessa (D:4)
  A phantom (D:5)
  A necrophage (D:6)
  2 kobold brigands
  3 wights (D:7)
  Dowan (D:4)
  4 killer bees (D:6)
  2 orc priests
  4 jellies
  An iguana (D:6)
  Ijyb (D:3)
  Natasha (thrice) (D:3)
  Terence (D:3)
  4 orc wizards
  3 gnolls (D:4)
  10 adders
  2 white imps
  2 dart slugs
  9 orcs
  5 bats
  4 endoplasms
  3 giant cockroaches
  12 goblins
  8 hobgoblins
  7 jackals
  12 kobolds
  5 quokkas
  7 ball pythons
  4 rats
126 creatures vanquished.

Vanquished Creatures (collateral kills)
  A black bear (D:5)
  An ice beast (D:5)
  3 ogres
  A bullfrog (D:6)
  A necrophage (D:5)
  A wight (D:7)
  2 killer bees (D:6)
  A howler monkey (D:6)
  2 jellies (D:5)
  An orc wizard (D:5)
  3 iguanas
  A gnoll (D:4)
  3 adders
  A shadow imp (D:6)
  A white imp (D:6)
  An ufetubus (D:4)
  A dart slug (D:1)
  7 orcs
  A ball python (D:1)
  3 endoplasms
  2 giant cockroaches (D:2)
  A goblin (D:1)
  3 jackals
  3 bats
  4 kobolds
49 creatures vanquished.

Vanquished Creatures (others)
  3 ancestors
  3 withered plants (D:5)
6 creatures vanquished.

Grand Total: 181 creatures vanquished

Notes
Turn   | Place    | Note
-------+----------+-------------------------------------------
     0 | D:1      | GigaChad the Minotaur Fighter began the quest for the Orb.
     0 | D:1      | Reached XP level 1. HP: 19/19 MP: 0/0
   237 | D:1      | Found a faded altar of an unknown god.
   255 | D:1      | Prayed at the altar of an unknown god.
   255 | D:1      | Became a worshipper of Hepliaklqana the Forgotten
   255 | D:1      | Reached * piety under Hepliaklqana
   400 | D:1      | Reached XP level 2. HP: 24/24 MP: 1/1
   788 | D:2      | Reached XP level 3. HP: 29/29 MP: 2/2
   914 | D:2      | Reached skill level 3 in Axes
  1009 | D:2      | Reached XP level 4. HP: 36/36 MP: 3/3
  1261 | D:3      | Noticed Natasha
  1267 | D:3      | Killed Natasha
  1268 | D:3      | Reached skill level 4 in Axes
  1290 | D:3      | Reached ** piety under Hepliaklqana
  1292 | D:3      | Noticed Natasha
  1300 | D:3      | Killed Natasha
  1301 | D:3      | Reached XP level 5. HP: 27/41 MP: 4/4
  1731 | D:3      | Noticed Natasha
  1733 | D:3      | Noticed Terence
  1736 | D:3      | Killed Natasha
  1737 | D:3      | Reached skill level 5 in Axes
  1740 | D:3      | Killed Terence
  1937 | D:3      | Reached skill level 5 in Shields
  1970 | D:3      | HP: 1/42 [orc wizard/magic dart (9)]
  1980 | D:3      | Reached XP level 6. HP: 3/47 MP: 5/5
  2020 | D:3      | Noticed Ijyb
  2031 | D:3      | Killed Ijyb
  2557 | D:4      | Found a staircase to the Ecumenical Temple.
  2576 | D:4      | Reached skill level 6 in Axes
  2585 | D:4      | Identified the +1 whip "Pazyat" {vorpal, Str+4 Int-5
                  | Stlth+}
  2600 | Temple   | Entered the Ecumenical Temple
  2785 | D:4      | Noticed Dowan
  2786 | D:4      | Noticed Duvessa
  2798 | D:4      | Killed Duvessa
  2810 | D:4      | Killed Dowan
  2953 | D:4      | Reached XP level 7. HP: 44/54 MP: 6/6
  2967 | D:4      | Reached skill level 7 in Axes
  3181 | D:4      | Found a shimmering altar of Xom.
  3211 | D:4      | Found a white marble altar of Elyvilon.
  3445 | D:4      | Reached skill level 5 in Armour
  3479 | D:4      | Reached *** piety under Hepliaklqana
  3908 | D:4      | Reached skill level 5 in Fighting
  4055 | D:5      | Entered Level 5 of the Dungeon
  4072 | D:5      | Remembered your ancestor Wok as a knight
  4221 | D:5      | Reached skill level 8 in Axes
  4362 | D:5      | Reached XP level 8. HP: 63/63 MP: 7/7
  4555 | D:5      | Identified a scroll of acquirement
  4556 | D:5      | Acquired a +1 hat of see invisible
  4590 | D:5      | Reached skill level 9 in Axes
  4625 | D:5      | Found an ancient bone altar of Kikubaaqudgha.
  5028 | D:6      | Noticed Eustachio
  5055 | D:6      | Killed Eustachio
  5056 | D:6      | Reached skill level 10 in Axes
  5722 | D:6      | Reached XP level 9. HP: 70/70 MP: 8/8
  5797 | D:6      | Noticed Grinder
  5807 | D:6      | Killed Grinder
  5937 | D:6      | Noticed Sigmund
  5949 | D:6      | Killed Sigmund
  6010 | D:6      | Reached **** piety under Hepliaklqana
  6057 | D:6      | Found an opulent altar of Gozag.
  6071 | D:6      | Noticed Menkaure
  6078 | D:6      | Killed Menkaure
  6973 | D:7      | Reached skill level 1 in Invocations
  7205 | D:8      | Noticed a two-headed ogre
  7326 | D:8      | HP: 3/71 [two-headed ogre/+0 giant spiked club (8)]
  7327 | D:8      | Mangled by a yak

Illustrated notes

Levels and vault maps discovered:
D:1:      nzn_arrival_settlement, layout_basic,
          chequers_ecumenical_altar_simple, nicolae_figureground_sparkle
D:2:      minmay_spotlight, layout_rooms, small_statue_intersection,
          minmay_fractal_squares_gapless_5
D:3:      layout_basic, minmay_starry_boxes, uniq_ijyb, uniq_natasha,
          uniq_terence
D:4:      layout_loops_cross, mainiacjoe_overflow_two_lobes,
          minmay_temple_entry_large_hall, minmay_ogre_servants, uniq_duvessa
D:5:      layout_layer_cave, kiku_gazebo_garden_becter, minivault_5,
          dk_vineyard_2
D:6:      layout_basic, kennysheep_mini, uniq_sigmund, uniq_eustachio,
          uniq_grinder, uniq_menkaure, uniq_blork_the_orc
D:7:      layout_loops_ring
D:8:      layout_cave_pools, chequers_temple_overflow_minitemple,
          serial_park_tiny_pond, uniq_erica, uniq_psyche, uniq_maggie
Temple:   regret_index_temple_waves

Skill      XL: |  1  2  3  4  5  6  7  8  9 |
---------------+----------------------------+-----
Shields        | 4 5 7 8 |  8.0
Fighting       | 4 5 6 7 |  7.2
Armour         | 4 5 7 9 |  9.0
Axes           | 3 4 5 6 8 10 | 10.0
Invocations    | 1 |  1.2
Dodging        | |  0.4
Stealth        | |  0.3

Action                   |  1- 3 |  4- 6 |  7- 9 || total
-------------------------+-------+-------+-------++-------
Melee: War axe           |    48 |    95 |   174 ||   317
       Headbutt          |     4 |    13 |    41 ||    58
       Morningstar       |       |       |     9 ||     9
Invok: Ancestor Identity |     1 |       |       ||     1
       Ancestor Life: Kn |       |       |     1 ||     1
Evoke: Wand              |       |       |     1 ||     1
  Use: Scroll            |       |       |    10 ||    10
 Stab: Distracted        |     1 |     1 |     2 ||     4
Armor: Plate armour      |    66 |    74 |   167 ||   307
Dodge: Dodged            |    28 |    39 |    83 ||   150
Block: Buckler           |    21 |    21 |    58 ||   100
